 Dungeon Crawl Stone Soup version 0.23.2-11-gf996548c65 (webtiles) character file.

Game seed: 15368218045377027922

1706 boneidle the Stinger (level 9, -3/54 HPs)
             Began as an Octopode Transmuter on June 4, 2019.
             Was an Initiate of Okawaru.
             Killed from afar by Dowan (22 damage)
             ... with a shard of ice
             ... on level 7 of the Dungeon.
             The game lasted 00:17:46 (7192 turns).

boneidle the Stinger (Octopode Transmuter)          Turns: 7192, Time: 00:17:47

Health: -3/54      AC:  2    Str:  9    XL:     9   Next: 3%
Magic:  22/24      EV: 20    Int: 13    God:    Okawaru [......]
Gold:   329        SH:  0    Dex: 21    Spells: 6/16 levels left

rFire    . . .     SeeInvis .     - Unarmed
rCold    . . .     Gourm    .   (shield currently unavailable)
rNeg     . . .     Faith    .   (helmet currently unavailable)
rPois    .         Spirit   .   p - amulet of regeneration
rElec    .         Reflect  .   q - ring of poison resistance
rCorr    .         Harm     .   t - ring of protection from magic
MR       +....                  j - ring of magical power
Stlth    ++........             (no ring)
HPRegen  0.58/turn              (no ring)
MPRegen  0.19/turn              (no ring)
                                (no ring)
                                (no ring)

@: spider-form (expiring)
A: tiny, almost no armour, stealthy swim, (amphibious), 8 rings, (constrict 8),
dopey 1
a: End Transformation, Renounce Religion


You were on level 7 of the Dungeon.
You worshipped Okawaru.
Okawaru was noncommittal.
You were hungry.
You were a venomous arachnid creature.
You visited 2 branches of the dungeon, and saw 8 of its levels.

You collected 329 gold pieces.

Inventory:

Missiles
 a - 115 arrows
 x - a throwing net (quivered)
Jewellery
 j - a ring of magical power (on tentacle)
 p - an amulet of regeneration (around neck)
 q - a ring of poison resistance (left front leg)
 r - an uncursed ring of fire
 t - a ring of protection from magic (right front leg)
Wands
 y - a wand of flame (43)
Scrolls
 e - 9 scrolls of teleportation
 f - 2 scrolls of enchant armour {unknown}
 i - a scroll of fog {unknown}
 k - 4 scrolls of remove curse
 m - 3 scrolls of fear
 n - a scroll of random uselessness {unknown}
 u - 5 scrolls of amnesia
 v - a scroll of blinking {unknown}
Potions
 b - a potion of agility
 d - a potion of resistance
 g - a potion of lignification
 h - a potion of flight {unknown}
 l - a potion of heal wounds
 o - a potion of curing
 s - a potion of cancellation
 z - a potion of might
Comestibles
 c - 9 rations


   Skills:
 - Level 1.8 Fighting
 - Level 2.4 Dodging
 - Level 1.1 Stealth
 - Level 6.2 Unarmed Combat
 - Level 4.2 Spellcasting
 - Level 4.8 Transmutations
 - Level 3.0 Ice Magic
 + Level 7.4 Poison Magic


You had 6 spell levels left.
You knew the following spells:

 Your Spells              Type           Power        Failure   Level  Hunger
a - Beastly Appendage     Tmut           ###...       10%         1    None
b - Sticks to Snakes      Tmut           ###.....     13%         2    ##.....
c - Spider Form           Tmut/Pois      ###.......   14%         3    ###....
d - Ice Form              Ice/Tmut       ##......     58%         4    ####...

Your spell library contained the following spells:

 Spells                   Type           Power        Failure   Level  Hunger
 Blade Hands              Tmut           ###.......   80%         5    ######.


Dungeon Overview and Level Annotations

Branches:
Dungeon (7/15)             Temple (1/1) D:7

Altars:
Ashenzari
Cheibriados
Dithmenos
Elyvilon
Fedhas
Gozag
Hepliaklqana
Kikubaaqudgha
Makhleb
Nemelex Xobeh
Okawaru
Qazlal
Ru
Sif Muna
Trog
Uskayaw
Vehumet
Wu Jian
Xom
Yredelemnul
Zin
The Shining One

Annotations:
D:2 exclusion: 2 downstairs
D:3 Grinder
D:4 exclusion: phantom
D:5 exclusion: downstairs
D:6 exclusion: two-headed ogre
D:7 Dowan


Innate Abilities, Weirdness & Mutations

You cannot wear most types of armour.
You are very stealthy in the water. (Stealth+)
((You are amphibious.))
You can wear up to eight rings at the same time.
((You can use your tentacles to constrict eight enemies at once.))
((Your skin changes colour to match your surroundings (Stealth+).))
((Your rubbery body absorbs attacks. (AC +1, EV +1)))
((You have a beak for a mouth.))
You are dopey. (Int -2)


Message History

Increase (S)trength, (I)ntelligence, or (D)exterity?
You feel agile.
Your transformation is almost over.
Dowan shouts!
Dowan seems to find hidden reserves of power!
Dowan misses you.
Things that are here:
a +4 short sword of speed; a +0 leather armour; the elf corpse of Duvessa You butcher the elf corpse of Duvessa.
Dowan hits you with a +0 dagger.
Items here: % ) [ ÷ a +4 short sword of speed; a +0 leather armour; a chunk of flesh the elf skeleton of Duvessa You hit Dowan.
Dowan is poisoned.
Dowan is lightly wounded.
Dowan closely misses you.
You hit Dowan but do no damage.
Dowan looks as sick as possible!
Dowan is lightly wounded.
Dowan points at you and mumbles some strange words.
The shard of ice hits you!!
You die...

#.####.#..###.# #.#
....##.#....>.# #.#
###.##.#.###### #.#
# #...>..# ##.#
###.###..# #..#
....# #..# #.##
#.### #...# #<# #.#
#.#.# #.# ..# #.#.#
#s# ..# #.#.#
#.e....#
..#####.#.####
#..###...
...............?..#
..###.###.#######.#
......# .# ..
....### # .# .⌠..##
.# .....####.##


You could see Dowan.

Vanquished Creatures
  Prince Ribbit (D:5)
  Duvessa (D:7)
  A sky beast (D:7)
  2 ogres
  2 centaurs
  A big kobold (D:6)
  A bullfrog (D:5)
  3 wights (D:6)
  4 crimson imps
  A hound (D:5)
  A jelly (D:6)
  3 iguanas
  10 worker ants
  Robin (D:2)
  4 gnolls (D:5)
  3 adders
  A howler monkey skeleton (D:4)
  4 shadow imps (D:5)
  An adder zombie (D:6)
  An adder skeleton (D:4)
  3 worms
  2 dart slugs
  5 leopard geckos
  An orc (D:6)
  2 ball pythons
  4 bats
  8 giant cockroaches
  10 goblins
  14 hobgoblins
  23 kobolds
  2 quokkas
  3 frilled lizards
  A leopard gecko skeleton (D:6)
  2 quokka skeletons
  5 rats
131 creatures vanquished.

Vanquished Creatures (others)
  A goblin (D:2)
  A plant (D:6)
2 creatures vanquished.

Grand Total: 133 creatures vanquished

Notes
Turn   | Place    | Note
-------+----------+-------------------------------------------
     0 | D:1      | boneidle the Octopode Transmuter began the quest for the
                  | Orb.
     0 | D:1      | Reached XP level 1. HP: 13/13 MP: 3/3
   155 | D:1      | Reached XP level 2. HP: 18/18 MP: 5/5
   159 | D:1      | Learned a level 2 spell: Sticks to Snakes
   863 | D:2      | Reached XP level 3. HP: 23/23 MP: 6/6
   868 | D:2      | Learned a level 3 spell: Spider Form
  1257 | D:2      | Noticed Robin
  1282 | D:2      | Killed Robin
  1589 | D:2      | Reached skill level 1 in Stealth
  1940 | D:2      | Reached XP level 4. HP: 28/28 MP: 7/7
  2323 | D:3      | Reached skill level 1 in Poison Magic
  2382 | D:3      | Found a bloodstained altar of Trog.
  2582 | D:3      | Noticed Grinder
  3772 | D:4      | Reached XP level 5. HP: 33/33 MP: 2/8
  3787 | D:4      | Found a stormy altar of Qazlal.
  3890 | D:4      | Reached skill level 2 in Poison Magic
  4088 | D:4      | Noticed a phantom
  4185 | D:4      | Noticed an ogre
  4193 | D:4      | Noticed a centaur
  4221 | D:4      | Killed an ogre
  4221 | D:4      | Reached XP level 6. HP: 38/38 MP: 7/10
  4334 | D:4      | Found an ancient bone altar of Kikubaaqudgha.
  4356 | D:5      | Entered Level 5 of the Dungeon
  4426 | D:5      | Reached skill level 3 in Poison Magic
  4621 | D:5      | Reached skill level 5 in Unarmed Combat
  4631 | D:5      | Reached XP level 7. HP: 31/43 MP: 8/11
  4789 | D:5      | Learned a level 4 spell: Ice Form
  4939 | D:5      | Reached skill level 1 in Ice Magic
  5279 | D:6      | Found an opulent altar of Gozag.
  5299 | D:6      | Gained mutation: Scrolls take you a little longer to read.
                  | [potion of mutation]
  5299 | D:6      | Lost mutation: Scrolls take you a little longer to read.
                  | [potion of mutation]
  5299 | D:6      | Gained mutation: You are dopey. (Int -2) [potion of
                  | mutation]
  5299 | D:6      | Gained mutation: You have a beak for a mouth. [potion of
                  | mutation]
  5304 | D:6      | Found an ornate altar of the Wu Jian Council.
  5390 | D:6      | Found a glowing golden altar of the Shining One.
  5499 | D:6      | Noticed Prince Ribbit
  5597 | D:5      | Killed Prince Ribbit
  5597 | D:5      | Reached skill level 4 in Poison Magic
  5597 | D:5      | Reached XP level 8. HP: 15/48 MP: 12/13
  6242 | D:6      | Reached skill level 5 in Poison Magic
  6509 | D:6      | Noticed a two-headed ogre
  6888 | D:7      | Found a staircase to the Ecumenical Temple.
  6899 | D:7      | Reached skill level 6 in Poison Magic
  6912 | Temple   | Entered the Ecumenical Temple
  7024 | Temple   | Became a worshipper of Warmaster Okawaru
  7175 | D:7      | Noticed Duvessa
  7177 | D:7      | Noticed Dowan
  7188 | D:7      | Killed Duvessa
  7188 | D:7      | Reached skill level 7 in Poison Magic
  7188 | D:7      | Reached XP level 9. HP: 18/54 MP: 15/15
  7192 | D:7      | Killed from afar by Dowan

Skill      XL: |  1  2  3  4  5  6  7  8 |
---------------+-------------------------+-----
Stealth        | 1 |  1.1
Poison Magic   | 1 2 3 4 7 |  7.4
Unarmed Combat | 4 5 6 |  6.2
Spellcasting   | 3 4 |  4.2
Transmutations | 3 4 |  4.8
Ice Magic      | 2 3 |  3.0
Fighting       | |  1.8
Dodging        | |  2.4

Action                   |  1- 3 |  4- 6 |  7- 9 || total
-------------------------+-------+-------+-------++-------
Melee: Unarmed           |    70 |   110 |   192 ||   372
       Constrict         |    19 |    23 |    27 ||    69
       Kick              |     8 |     7 |    26 ||    41
       Tentacles         |     7 |    19 |    19 ||    45
       Punch             |     2 |       |     7 ||     9
       Peck              |       |       |    13 ||    13
 Cast: Beastly Appendage |     8 |     8 |    11 ||    27
       Spider Form       |     2 |     3 |     8 ||    13
       Sticks to Snakes  |       |     6 |     1 ||     7
       Ice Form          |       |       |     2 ||     2
 Abil: End Transformatio |       |       |     1 ||     1
  Use: Scroll            |       |       |    11 ||    11
       Potion            |       |       |     4 ||     4
 Stab: Sleeping          |     6 |     9 |     5 ||    20
       Distracted        |       |       |     1 ||     1
  Eat: Chunk             |     2 |    11 |     9 ||    22
Armor: Skin              |     6 |     4 |    22 ||    32
Dodge: Dodged            |    43 |    65 |   110 ||   218
